 Dungeon Crawl Stone Soup version 0.24-a0-269-g32ec7cac8f (webtiles) character file.

Game seed: 1271437657564654919

3450787 soonmide the Ninja (level 27, 137/137 HPs)
             Began as a Spriggan Enchanter on Apr 6, 2019.
             Was the Champion of Dithmenos.
             Escaped with the Orb
             ... and 6 runes on Apr 22, 2019!
             The game lasted 12:42:23 (93639 turns).

soonmide the Ninja (Spriggan Enchanter)            Turns: 93639, Time: 12:42:23

Health: 137/137    AC:  9    Str: 12    XL:     27
Magic:  57/57      EV: 39    Int: 37    God:    Dithmenos [******]
Gold:   6647       SH: 12    Dex: 25    Spells: 8/77 levels left

rFire    + + +     SeeInvis +   b - +8 rapier of the Volcano {protect, +Inv rC+++ rN++ Dex-2}
rCold    + + +     Gourm    .   E - +3 buckler {rF+}
rNeg     + + .     Faith    .   X - +1 faerie dragon scales {+Blink rF++ MR+ rCorr Str+4}
rPois    +         Spirit   +   (helmet restricted)
rElec    .         Reflect  .   r - scarf {cloud immunity}
rCorr    +         Harm     .   (gloves unavailable)
MR       +++++                  (boots unavailable)
Stlth    ++++++++..             x - amulet "Necs" {Spirit +Blink rPois Int+4 Dex+2 Stlth+}
HPRegen  0.32/turn              U - ring of Afukham {Wiz Int+7 Stlth+}
MPRegen  0.35/turn              u - ring "Jeunih" {MP+9 Int+3 Stlth+}

@: darkness (expiring), wreathed by umbra, studying Shields, very quick
A: very small, unfitting armour, repulsion field 1, see invisible, agile 1,
clever 2, herbivore, speed 3, low mp 1, slow metabolism 2
0: Orb of Zot
}: 6/15 runes: decaying, serpentine, slimy, silver, icy, abyssal
a: Shadow Step, Shadow Form, Renounce Religion, Evoke Blink, Evoke Invisibility


You escaped.
You worshipped Dithmenos.
Dithmenos was exalted by your worship.
You were not hungry.

You visited 14 branches of the dungeon, and saw 66 of its levels.
You visited the Abyss 1 time.
You visited 1 bazaar.
You also visited: Trove, Ossuary, Bailey and Ice Cave.

You collected 11987 gold pieces.
You spent 5340 gold pieces at shops.

Inventory:

Hand Weapons
 a - the +7 quick blade of Pride {pierce, rF++ Str-3 Int+8}
   (You found it in a treasure trove)

   It inflicts extra damage upon your enemies.
   It affects your strength (-3).
   It affects your intelligence (+8).
   It greatly protects you from fire.
 b - the +8 rapier of the Volcano (weapon) {protect, +Inv rC+++ rN++ Dex-2}
   (You found it on level 4 of the Dungeon)

   It grants its wielder temporary protection when it strikes (+7 to AC).
   It affects your dexterity (-2).
   It renders you almost immune to cold.
   It greatly protects you from negative energy.
   It lets you turn invisible.
 o - the +9 dagger of Collusion {holy, +Fly MP+9 Str+4}
   (You found it on level 7 of the Dungeon)

   It has been blessed by the Shining One to cause great damage to the undead
   and demons.
   It affects your strength (+4).
   It affects your magic capacity (+9).
   It lets you fly.
Armour
 r - a scarf of cloud immunity (worn)
 E - a +3 buckler of fire resistance (worn)
 X - the +1 faerie dragon scales (worn) {+Blink rF++ MR+ rCorr Str+4}
   (You took it off the Enchantress on level 2 of the Depths)

   It affects your strength (+4).
   It greatly protects you from fire.
   It affects your resistance to hostile enchantments.
   It lets you blink.
   It provides partial protection from all sources of acid and corrosion.
Jewellery
 e - the amulet of Vitality {Regen+ HP+15}
   (You found it on level 5 of the Vaults)

   [amulet of regeneration]

   It affects your health (+15).
   It increases your rate of regeneration.
 u - the ring "Jeunih" (right hand) {MP+9 Int+3 Stlth+}
   (You found it in a treasure trove)

   [ring of intelligence]

   It affects your intelligence (+3).
   It affects your magic capacity (+9).
   It makes you more stealthy.
 x - the amulet "Necs" (around neck) {Spirit +Blink rPois Int+4 Dex+2 Stlth+}
   (You found it in a treasure trove)

   [amulet of guardian spirit]

   It causes incoming damage to be split between your health and magic.
   It affects your intelligence (+4).
   It affects your dexterity (+2).
   It protects you from poison.
   It lets you blink.
   It makes you more stealthy.
 z - the ring of Secrets {Int+3 Slay+3}
   (You found it on level 3 of the Crypt)

   [ring of slaying]

   It affects your intelligence (+3).
   It affects your accuracy and damage with ranged weapons and melee attacks
   (+3).
 U - the ring of Afukham (left hand) {Wiz Int+7 Stlth+}
   (You acquired it on level 14 of the Dungeon)

   [ring of wizardry]

   It improves your spell success rate.
   It affects your intelligence (+7).
   It makes you more stealthy.
Wands
 t - a wand of acid (5)
 K - a wand of iceblast (34)
 S - a wand of disintegration (37)
 Y - a wand of paralysis (39)
 Z - a wand of digging (5)
Scrolls
 f - 10 scrolls of magic mapping
 i - 6 scrolls of amnesia
 j - 14 scrolls of teleportation
 v - 6 scrolls of blinking
 H - 4 scrolls of silence
 J - 7 scrolls of fear
 L - a scroll of fog
 R - 4 scrolls of vulnerability
 V - a scroll of enchant armour
 W - 3 scrolls of holy word
Potions
 c - 25 potions of curing
 g - 11 potions of brilliance
 k - a potion of ambrosia
 l - 8 potions of flight
 n - 5 potions of agility
 p - 5 potions of resistance
 q - 4 potions of berserk rage
 w - 15 potions of haste
 A - 4 potions of mutation
 C - 5 potions of heal wounds
 D - 8 potions of might
 M - 2 potions of invisibility
 O - 3 potions of cancellation
Books
 I - a manual of Shields
Miscellaneous
 h - a fan of gales
 s - a lightning rod (4/4)
 B - the horn of Geryon (inert)
 F - a crystal ball of energy
 P - a phial of floods
Comestibles
 d - 40 rations


   Skills:
 - Level 12.1 Fighting
 - Level 17.0 Short Blades
 - Level 7.6 Armour
 - Level 20.5 Dodging
 O Level 27 Stealth
 - Level 7.2 Shields
 + Level 25.6 Spellcasting
 - Level 7.6 Conjurations
 + Level 26.4 Hexes
 - Level 5.3 Charms
 - Level 11.4 Summonings
 - Level 10.3 Necromancy
 - Level 14.0 Translocations
 - Level 3.4 Transmutations
 - Level 5.1 Earth Magic
 - Level 8.5 Invocations
 - Level 17.3 Evocations


You had 8 spell levels left.
You knew the following spells:

 Your Spells              Type           Power        Failure   Level  Hunger
a - Regeneration          Chrm/Necr      #######...   1%          3    None
b - Ensorcelled Hibernat  Hex/Ice        ######       0%          2    None
c - Confuse               Hex            ########     0%          3    None
d - Tukima's Dance        Hex            ########     0%          3    None
e - Dazzling Spray        Conj/Hex       ######       0%          3    None
f - Darkness              Hex            ########..   0%          6    None
g - Lee's Rapid Deconstr  Erth           ######....   1%          5    None
h - Metabolic Englaciati  Hex/Ice        #######...   1%          5    None
i - Summon Hydra          Summ           #######...   1%          7    None
j - Summon Butterflies    Summ           #######.     0%          1    None
k - Yara's Violent Unrav  Hex/Tmut       ########..   1%          5    None
l - Gell's Gravitas       Tloc           ########..   0%          3    None
m - Invisibility          Hex            ########     0%          6    None
n - Aura of Abjuration    Summ           #######...   1%          5    None
o - Alistair's Intoxicat  Tmut/Pois      ######..     3%          5    None
p - Haunt                 Necr/Summ      #######...   2%          7    None

Your spell library contained the following spells:

 Spells                   Type           Power        Failure   Level  Hunger
 Animate Skeleton         Necr           N/A          0%          1    None
 Apportation              Tloc           ######       0%          1    None
 Confusing Touch          Hex            ######       0%          1    None
 Corona                   Hex            #######      0%          1    None
 Pain                     Necr           ####         0%          1    None
 Summon Small Mammal      Summ           ####         0%          1    None
 Blink                    Tloc           N/A          0%          2    None
 Call Imp                 Summ           #######.     0%          2    None
 Corpse Rot               Necr           N/A          0%          2    None
 Slow                     Hex            ########     0%          2    None
 Sublimation of Blood     Necr           #######...   0%          2    None
 Call Canine Familiar     Summ           #######.     0%          3    None
 Inner Flame              Hex/Fire       #######.     0%          3    None
 Portal Projectile        Hex/Tloc       ######       0%          3    None
 Recall                   Summ/Tloc      N/A          0%          3    None
 Spectral Weapon          Hex/Chrm       ########     0%          3    None
 Summon Guardian Golem    Hex/Summ       ########     0%          3    None
 Cause Fear               Hex            ########..   0%          4    None
 Fulminant Prism          Conj/Hex       ########..   0%          4    None
 Leda's Liquefaction      Hex/Erth       ########..   0%          4    None
 Summon Mana Viper        Hex/Summ       ########     0%          5    None
 Beastly Appendage        Tmut           ######       1%          1    None
 Flame Tongue             Conj/Fire      #####        1%          1    None
 Freeze                   Ice            ####         1%          1    None
 Magic Dart               Conj           ####         1%          1    None
 Sandblast                Erth           ######       1%          1    None
 Shock                    Conj/Air       ####         1%          1    None
 Sting                    Conj/Pois      ####         1%          1    None
 Passwall                 Tmut/Erth      ######..     1%          2    None
 Poisonous Vapours        Pois/Air       #####.       1%          2    None
 Song of Slaying          Chrm           ######..     1%          2    None
 Sticks to Snakes         Tmut           ######..     1%          2    None
 Swiftness                Chrm/Air       ######..     1%          2    None
 Throw Flame              Conj/Fire      ######       1%          2    None
 Throw Frost              Conj/Ice       ######       1%          2    None
 Conjure Flame            Conj/Fire      ######..     1%          3    None
 Ignite Poison            Fire/Tmut/Pois ######..     1%          3    None
 Mephitic Cloud           Conj/Pois/Air  ######..     1%          3    None
 Ozocubu's Armour         Chrm/Ice       ######..     1%          3    None
 Spider Form              Tmut/Pois      ######....   1%          3    None
 Static Discharge         Conj/Air       ######..     1%          3    None
 Stone Arrow              Conj/Erth      ######       1%          3    None
 Vampiric Draining        Necr           #######...   1%          3    None
 Animate Dead             Necr           N/A          1%          4    None
 Force Lance              Conj/Tloc      #######.     1%          4    None
 Ice Form                 Ice/Tmut       ######..     1%          4    None
 Petrify                  Tmut/Erth      ######..     1%          4    None
 Sticky Flame             Conj/Fire      ######..     1%          4    None
 Summon Ice Beast         Ice/Summ       ######..     1%          4    None
 Summon Lightning Spire   Summ/Air       ######..     1%          4    None
 Throw Icicle             Conj/Ice       ######..     1%          4    None
 Blade Hands              Tmut           ######....   1%          5    None
 Bolt of Draining         Conj/Necr      #######...   1%          5    None
 Bolt of Magma            Conj/Fire/Erth ######....   1%          5    None
 Borgnjor's Vile Clutch   Necr/Erth      #######...   1%          5    None
 Dispel Undead            Necr           #######.     1%          5    None
 Fireball                 Conj/Fire      ######....   1%          5    None
 Irradiate                Conj/Tmut      ######....   1%          5    None
 Lightning Bolt           Conj/Air       ######....   1%          5    None
 Summon Demon             Summ           #######...   1%          5    None
 Summon Forest            Summ/Tloc      #######...   1%          5    None
 Venom Bolt               Conj/Pois      ######....   1%          5    None
 Death Channel            Necr           #######...   1%          6    None
 Shadow Creatures         Summ           N/A          1%          6    None
 Airstrike                Air            #####.....   2%          4    None
 Olgreb's Toxic Radiance  Pois           #####...     2%          4    None
 Iron Shot                Conj/Erth      #######...   2%          6    None
 Simulacrum               Ice/Necr       ######....   4%          6    None
 Spellforged Servitor     Conj/Summ      #######...   4%          7    None
 Statue Form              Tmut/Erth      ######...    6%          6    None
 Bolt of Cold             Conj/Ice       ######....   9%          6    None
 Bolt of Fire             Conj/Fire      ######....   9%          6    None
 Hydra Form               Tmut           ######....   9%          6    None
 Poison Arrow             Conj/Pois      ######....   9%          6    None
 Freezing Cloud           Conj/Ice/Air   ######....   13%         6    None
 Borgnjor's Revivificati  Necr           #######...   22%         8    None
 Infestation              Necr           #######...   22%         8    None
 Ozocubu's Refrigeration  Ice            #####.....   34%         6    None
 Dragon Form              Tmut           ######....   43%         7    None
 Death's Door             Chrm/Necr      #######...   52%         8    None
 Ring of Flames           Chrm/Fire      ######....   54%         7    None
 Necromutation            Tmut/Necr      #######...   65%         8    None
 Lehudib's Crystal Spear  Conj/Erth      #######...   71%         8    None
 Chain Lightning          Conj/Air       ######....   96%         8    None
 Ignition                 Fire           #####.....   100%        8    None
 Fire Storm               Conj/Fire      ######....   100%        9    ##.....
 Glaciate                 Conj/Ice       ######....   100%        9    ##.....
 Shatter                  Erth           ######....   100%        9    ##.....
 Tornado                  Air            #####.....   100%        9    ##.....
 Passage of Golubria      Tloc           Unusable     N/A         4    N/A

Dungeon Overview and Level Annotations

Branches:
Dungeon (15/15)            Temple (1/1) D:6            Lair (6/6) D:9
  Swamp (4/4) Lair:2        Snake (4/4) Lair:2        Slime (5/5) Lair:5
    Orc (2/2) D:10            Elf (3/3) Orc:2        Vaults (5/5) D:14
  Crypt (3/3) Vaults:3       Tomb (0/3) Crypt:3      Depths (5/5) D:15
   Hell (1/1)                 Dis (0/7) Hell            Geh (0/7) Hell
    Coc (7/7) Hell            Tar (0/7) Hell            Zot (5/5) Depths:5

Altars:
Ashenzari
Cheibriados
Dithmenos
Elyvilon
Fedhas
Gozag
Hepliaklqana
Kikubaaqudgha
Makhleb
Nemelex Xobeh
Okawaru
Qazlal
Ru
Sif Muna
Trog
Uskayaw
Vehumet
Wu Jian
Xom
Yredelemnul
Zin
The Shining One
Beogh
Jiyva

Shops:
D:9 *   D:13 *   Orc:2 [[*=   Snake:1 **   Snake:2 ?*}   Zot:4 *   Depths:1 *
Depths:3 !

Portals:
Hell: Depths:1 Depths:2 Depths:3 Depths:4 Depths:5
Abyss: Depths:4
Pandemonium: Depths:1 Depths:2 Depths:3
Ziggurat: Depths:3

Annotations:
Lair:4 1 runed translucent door, Oppylety's ghost, journeyman GrFi
Vaults:4 3 runed translucent doors, Zero's ghost, adept GrBe


Innate Abilities, Weirdness & Mutations

You are very small and have problems with some larger weapons.
You are too small for most types of armour.
You have supernaturally acute eyesight. (SInv)
You are a herbivore.
You cover ground extremely quickly.
You need to consume almost no food.
You are surrounded by a mild repulsion field. (EV +2)
You are agile. (Dex +2)
Your mind is very acute. (Int +4)
Your magical capacity is low. (-10% MP)


Message History

There is a stone staircase leading up here.
You climb upwards.
There is a stone staircase leading down here.
There is a stone staircase leading up here.
You climb upwards.
There is a stone staircase leading down here.
There is a stone staircase leading up here.
You climb upwards.
There is a stone staircase leading down here.
The darkness around you begins to abate.
The ambient light returns to normal.
Casting: Darkness (safe; 0% risk of failure)
Confirm with . or Enter, or press ? or * to list all spells.
It gets dark.
There is an escape hatch in the ceiling here.
A mysterious force pulls you upwards. The hatch slams shut behind you.
There is an open door here.
There is a staircase leading out of the dungeon here.
The darkness around you begins to abate.
You have escaped!

#.#.....##.####.........##.#
#.....#....................# ####
...#.....................#.###...
###...#......................#.##
####.##.#######...####...........
)....##.# ##########.....#...#.
#######.## #..#.....#.#.......#.
####...# #.##.....#.#.#..[.##.
#....#.# ##..#@.8..'...........
###.##...# #...#.....###.#.##.##.
#...###### #...#.....#...........
#.#.########..########..###.#....
........................# #.####.
###.###...##.#......##..###...รท.(
..###...#.##......####......#####
#.#)#.#......##.#.####.##.###
......#.#.#............#...##


There were no monsters in sight!

Vanquished Creatures
  Antaeus (Coc:7)
  the Royal Jelly (Slime:5)
  3 orbs of fire (Zot:5)
  8 ancient liches
  A juggernaut (Depths:5)
  Frederick (Crypt:1)
  10 shard shrikes
  4 Killer Klowns
  The ghost of Iletz the Eclecticist, a veteran GnWn of Vehumet (Depths:4)
  Saint Roka (Vaults:1)
  Geryon (Hell)
  9 golden dragons
  3 curse toes
  2 bone dragons
  the Enchantress (Depths:2)
  Jory (Crypt:3)
  An electric golem (Zot:5)
  A Tzitzimitl (Depths:2)
  18 tentacled monstrosities
  9 liches
  9 Ice Fiends
  20 Orb Guardians (Zot:5)
  2 deep elf blademasters (Elf:3)
  17 acid blobs
  2 deep elf master archers (Elf:3)
  3 quicksilver dragons
  Murray (Hell)
  2 ancient champions
  A titan (Vaults:5)
  4 sphinxes
  A tentacled starspawn (Abyss:1)
  An acid blob (shapeshifter) (Vaults:1)
  9 death cobs
  15 shadow dragons
  The ghost of xoxolimbo the Devastator, an adept DsFE of Vehumet (Snake:4)
  7 draconian monks
  A thorn hunter (Swamp:1)
  13 storm dragons
  Roxanne (Snake:3)
  6 azure jellies
  7 nagarajas
  7 tengu reavers
  A revenant (Crypt:1)
  12 fire giants
  4 draconian knights
  2 iron dragons
  A ghost moth (shapeshifter) (Elf:3)
  12 vault wardens
  5 frost giants
  6 draconian scorchers
  A ghost moth (Zot:3)
  A balrug (Hell)
  2 deep elf sorcerers
  4 curse skulls
  4 draconian shifters
  Aizul (Elf:1)
  An angel (Depths:3)
  4 draconian stormcallers
  8 spriggan defenders
  13 ironheart preservers
  A cacodemon (Depths:1)
  11 reapers
  10 draconian annihilators
  4 elemental wellsprings
  3 war gargoyles (Crypt:3)
  3 deep elf elementalists (Elf:3)
  A caustic shrike skeleton (Crypt:1)
  21 stone giants
  6 vampire knights
  The ghost of TheNamelessOne the Nimble, a journeyman OpHu of Uskayaw (Lair:6)
  Nessos (D:14)
  17 very ugly things
  8 deep elf demonologists
  8 black draconians
  9 white draconians
  8 green draconians
  5 deep elf annihilators
  A starcursed mass (Abyss:2)
  10 red draconians
  7 purple draconians
  Azrael (Elf:1)
  8 spark wasps
  10 yellow draconians
  A merfolk javelineer (Depths:4)
  A green death (Hell)
  5 death oozes
  3 quicksilver dragon zombies
  4 blizzard demons
  7 deep elf death magi
  2 eidola
  A mummy priest (Crypt:3)
  11 ettins
  15 fire dragons
  13 yaktaur captains
  19 great orbs of eyes
  18 ogre magi
  2 deep elf high priests (Elf:3)
  Harold (D:7)
  13 jiangshi
  6 rakshasas
  29 vault guards
  10 naga warriors
  Erolcha (D:9)
  2 monstrous demonspawn
  29 ice dragons
  A kraken zombie (Coc:7)
  10 anacondas
  13 hydras
  3 quicksilver dragon skeletons
  A hell beast (Depths:4)
  4 death knights
  12 centaur warriors
  5 spriggan air magi
  A satyr (shapeshifter) (Vaults:5)
  A shambling mangrove (Swamp:2)
  4 tengu warriors
  58 two-headed ogres
  9 alligators
  7 deep troll earth magi
  23 dancing weapons
  10 death yaks
  12 vampire magi
  5 deep troll shamans
  A titan zombie (Coc:2)
  2 orc high priests
  12 naga sharpshooters
  3 thrashing horrors
  A hell hog (Abyss:1)
  A spriggan berserker (Depths:5)
  An iron golem (Hell)
  24 hell knights
  5 shock serpents
  12 deep elf knights
  A wretched star (Abyss:1)
  4 sun demons (Hell)
  3 soul eaters
  14 spriggans
  4 salamander mystics
  2 storm dragon zombies
  2 titan skeletons
  Nergalle (Orc:1)
  A spatial maelstrom (Abyss:1)
  2 iron trolls
  46 skeletal warriors
  4 shadow wraiths
  A sea snake (shapeshifter) (Vaults:2)
  A storm dragon skeleton (Coc:7)
  23 deep trolls
  2 spark wasp zombies (Depths:2)
  4 shadow demons (Depths:2)
  4 anaconda zombies
  A golden dragon zombie (Crypt:3)
  4 wizards
  8 glowing orange brains
  9 sea snakes (Snake:4)
  A ghost moth zombie (Coc:5)
  2 sixfirhies (Depths:2)
  5 swamp dragons
  14 deep elf archers
  3 flayed ghosts
  2 unseen horrors
  An obsidian statue (Vaults:3)
  2 shadow dragon zombies
  3 naga ritualists
  3 anaconda skeletons
  8 phantasmal warriors
  A lindwurm (shapeshifter) (Depths:3)
  8 ironbrand convokers
  2 lindwurms (Lair:6)
  18 necromancers
  A sphinx zombie (Vaults:5)
  3 frost giant zombies
  3 orc sorcerers
  4 wolf spiders
  2 wolf spider zombies (Hell)
  12 salamanders
  20 moths of wrath
  6 stone giant zombies
  59 ugly things
  52 deep elf magi
  18 orc knights
  5 iron dragon zombies
  5 shining eyes
  5 cyclopes
  2 manticores
  2 shadow dragon skeletons
  5 fire giant zombies
  10 mana vipers
  5 elephants (Lair:5)
  3 iron dragon skeletons
  A worldbinder (Abyss:1)
  A black mamba (shapeshifter) (Vaults:3)
  2 salamanders (shapeshifter)
  5 centaur zombies
  2 ice statues
  A fire giant skeleton (Coc:1)
  9 rust devils
  A shock serpent zombie (Crypt:3)
  4 frost giant skeletons
  12 naga magi
  3 stone giant skeletons
  An elf zombie (Vaults:5)
  5 smoke demons
  11 vault sentinels
  2 guardian serpents (Snake:4)
  A guardian serpent (shapeshifter) (Vaults:4)
  4 eyes of devastation
  28 black mambas
  4 gargoyles (Crypt:3)
  A shock serpent skeleton (Crypt:2)
  4 torpor snails (Lair:6)
  17 spiny frogs
  2 hellions (Zot:4)
  A black draconian zombie (Crypt:1)
  8 tormentors
  53 yaktaurs
  3 efreet (Zot:4)
  A yaktaur (shapeshifter) (Vaults:1)
  2 rime drakes
  8 komodo dragons
  44 ice devils
  4 anaconda simulacra
  33 freezing wraiths
  A golden dragon simulacrum (IceCv)
  A hellwing (Depths:1)
  2 tengu conjurers
  9 small abominations
  A harpy zombie (D:15)
  7 red devils
  7 hydra zombies
  9 trolls
  9 polar bears (Lair:6)
  A troll (shapeshifter) (Depths:2)
  A tengu simulacrum (Depths:4)
  23 hornets
  A meliai (shapeshifter) (Depths:2)
  Prince Ribbit (D:6)
  A meliai (D:14)
  A harpy skeleton (Hell)
  10 tyrant leeches
  4 raiju
  118 slime creatures
  7 blink frogs
  6 bog bodies
  A raiju (shapeshifter) (Depths:2)
  3 alligator zombies
  A fire dragon zombie (Hell)
  5 hydra skeletons
  A fire giant simulacrum (Coc:7)
  3 ettin zombies
  8 hippogriffs
  A spriggan zombie (Depths:2)
  2 frost giant simulacra
  54 flying skulls
  An ice dragon zombie (Hell)
  3 ynoxinuls
  A spriggan (shapeshifter) (Elf:1)
  An alligator skeleton (Hell)
  2 ice dragon skeletons
  13 shadows
  20 water elementals
  A yak (shapeshifter) (Vaults:3)
  3 ettin skeletons
  6 air elementals
  3 dire elephant simulacra (IceCv)
  4 vampires (Crypt:3)
  2 basilisks
  13 fire elementals
  A wyvern (shapeshifter) (D:15)
  A human (shapeshifter) (Vaults:5)
  Eustachio (D:6)
  A neqoxec (Abyss:1)
  7 wyverns
  34 yaks
  A steam dragon (D:10)
  15 wraiths
  A tyrant leech zombie (Crypt:1)
  7 large abominations
  A golden eye (shapeshifter) (Vaults:4)
  5 vampire mosquitoes
  12 golden eyes
  A chaos spawn (Depths:2)
  4 hungry ghosts
  5 swamp worm simulacra (Swamp:4)
  An emperor scorpion simulacrum (Crypt:2)
  14 swamp worms
  16 wargs
  17 insubstantial wisps
  3 harpy simulacra (IceCv)
  40 nagas
  5 acid dragons
  An orb spider zombie (Crypt:2)
  5 iron troll simulacra (IceCv)
  A gelid demonspawn zombie (Crypt:2)
  An acid dragon (shapeshifter) (Vaults:1)
  15 hell hounds
  3 soldier ants
  17 hydra simulacra
  9 water moccasins
  5 spiny frog zombies
  4 swamp drakes (Swamp:1)
  42 orc warriors
  7 porcupines
  3 ice beasts
  2 alligator simulacra (IceCv)
  12 black bears
  A black bear (shapeshifter) (Vaults:2)
  2 spiny frog skeletons
  4 ettin simulacra
  5 sky beasts
  2 snapping turtle zombies
  8 eyes of draining
  3 phantoms
  A sky beast (shapeshifter) (Vaults:5)
  57 ogres
  13 boggarts
  A lindwurm skeleton (Crypt:1)
  2 swamp dragon skeletons
  A manticore zombie (Coc:5)
  19 wolves
  2 manticore skeletons (Crypt:1)
  10 centaurs
  7 crocodiles
  2 big kobolds
  An octopode zombie (Crypt:1)
  A wyvern zombie (D:8)
  2 earth elementals
  12 bullfrogs
  A gnoll sergeant (Orc:1)
  A wyvern skeleton (D:14)
  5 scorpions
  29 killer bees
  22 wights
  A howler monkey (D:4)
  An electric eel (Elf:3)
  9 crimson imps
  3 bullfrog zombies
  6 jellies
  3 quasits
  A bullfrog skeleton (D:11)
  2 hounds
  4 iron imps
  14 orc priests
  A gnoll shaman (Orc:1)
  4 iguanas
  Jessica (D:2)
  Terence (D:3)
  5 centaur skeletons
  A human skeleton (Coc:6)
  20 orc wizards
  9 worker ants
  4 hell rats (Lair:4)
  A spriggan simulacrum (IceCv)
  4 troll simulacra
  4 big kobold zombies (Ossuary)
  4 centaur simulacra (IceCv)
  2 ogre zombies
  An ogre skeleton (Crypt:3)
  3 hound zombies
  A hound skeleton (Crypt:1)
  4 mummies (Ossuary)
  2 worker ant zombies (D:3)
  A howler monkey zombie (D:10)
  7 adders
  30 gnolls
  An ogre simulacrum (IceCv)
  4 shadow imps
  19 white imps
  9 ufetubi
  3 swamp drake simulacra (Swamp:4)
  3 adder zombies
  2 adder skeletons
  3 worms
  4 dart slugs
  5 leopard geckos
  109 orcs
  6 bats (D:1)
  5 giant cockroaches
  7 goblins
  14 hobgoblins
  11 jackals
  20 kobolds
  A quokka (D:6)
  3 ball pythons
  A ball python skeleton (D:3)
  5 frilled lizards
  A gnoll zombie (Ossuary)
  A goblin zombie (Ossuary)
  2 hobgoblin zombies
  3 kobold zombies (Ossuary)
  2 leopard gecko skeletons
  3 leopard gecko zombies
  An orc skeleton (Hell)
  8 rats
  A river rat zombie (Crypt:2)
  2 butterflies (Lair:6)
  A lurking horror (Abyss:1)
  2 plants (Lair:6)
  A tentacle (Coc:7)
2914 creatures vanquished.

Vanquished Creatures (collateral kills)
  An ancient lich (Zot:5)
  Mara (Vaults:4)
  Sojobo (Vaults:2)
  4 golden dragons
  A Tzitzimitl (Coc:4)
  An electric golem (Zot:5)
  3 Ice Fiends (Coc:7)
  6 tentacled monstrosities
  5 Orb Guardians (Zot:5)
  A titan (Vaults:5)
  3 quicksilver dragons
  A thorn hunter (Swamp:3)
  A shadow dragon (Depths:2)
  A fire giant (Vaults:5)
  A deep elf sorcerer (Elf:3)
  3 nagarajas (Snake:4)
  An iron dragon (Hell)
  A draconian scorcher (Zot:2)
  3 reapers
  A curse skull (Vaults:3)
  A very ugly thing (Depths:1)
  An ironheart preserver (Vaults:4)
  2 vampire knights
  A green draconian (Zot:2)
  A deep elf demonologist (Elf:3)
  A purple draconian (Zot:2)
  A white draconian (Zot:4)
  2 ettins (Vaults:4)
  A deep elf death mage (Vaults:5)
  2 kraken zombies
  2 ice dragons
  A centaur warrior (Depths:3)
  5 two-headed ogres (Vaults:3)
  A dancing weapon (Vaults:5)
  An alligator (Swamp:3)
  An ogre mage (Vaults:3)
  A shadow wraith (Depths:2)
  2 iron trolls (Hell)
  11 skeletal warriors
  A wretched star (Abyss:1)
  A deep troll (Vaults:5)
  A wolf spider zombie (Crypt:3)
  2 anaconda skeletons
  A wolf spider (Vaults:5)
  A stone giant zombie (Coc:1)
  2 moths of wrath (Zot:2)
  A worldbinder (Abyss:1)
  A yaktaur (Vaults:5)
  2 ice devils
  A tengu conjurer (Depths:4)
  3 tyrant leeches (Swamp:3)
  2 hydra zombies
  2 hornets (Swamp:3)
  A blink frog (Abyss:4)
  An alligator zombie (Coc:5)
  A water elemental (Coc:3)
  13 flying skulls
  An alligator skeleton (Coc:2)
  2 spriggans (Swamp:3)
  2 shadows (Depths:2)
  A vampire (Crypt:3)
  A wraith (Coc:7)
  A basilisk (shapeshifter) (Depths:1)
  An insubstantial wisp (Swamp:3)
  5 vampire mosquitoes (Swamp:3)
  A spiny frog zombie (Coc:2)
  A swamp worm (Swamp:3)
  2 orc warriors (Orc:2)
  An ice beast (Coc:3)
  A swamp dragon zombie (Coc:2)
  A snapping turtle skeleton (Crypt:3)
  A bullfrog (D:6)
  3 starcursed masses (Abyss:2)
  A tengu skeleton (Hell)
  3 gnolls (Bailey)
  A white imp (Coc:5)
  An orc (Orc:2)
  A kobold (Bailey)
  2 tentacles
149 creatures vanquished.

Vanquished Creatures (others)
  A shard shrike (Coc:7)
  An eldritch tentacle (Coc:1)
  An elemental wellspring (Coc:7)
  A very ugly thing (Depths:2)
  2 deep elf demonologists (Elf:3)
  3 ettins
  A quicksilver dragon zombie (Coc:7)
  A yaktaur captain (Depths:1)
  A hydra (Swamp:3)
  2 ice dragons
  A shadow wraith (Depths:2)
  A deep elf archer (Elf:1)
  An ugly thing (Depths:3)
  A deep elf mage (Elf:1)
  A slime creature (Swamp:4)
  2 yaktaurs
  A spiny frog (Swamp:2)
  A hornet (Swamp:3)
  A flying skull (Zot:1)
  3 dancing weapons
  A hydra simulacrum (Swamp:4)
  An orc warrior (Orc:1)
  A swamp drake (Swamp:4)
  An ettin simulacrum (Hell)
  A black bear (Lair:6)
  2 boggarts
  An orc wizard (D:13)
  12 fungi
  26 plants
  5 tentacles
78 creatures vanquished.

Grand Total: 3141 creatures vanquished

Notes
Turn   | Place    | Note
-------+----------+-------------------------------------------
     0 | D:1      | soonmide the Spriggan Enchanter began the quest for the
                  | Orb.
     0 | D:1      | Reached XP level 1. HP: 9/9 MP: 5/5
   204 | D:1      | Reached XP level 2. HP: 11/13 MP: 7/7
   208 | D:1      | Learned a level 2 spell: Ensorcelled Hibernation
   548 | D:1      | Reached skill level 5 in Stealth
   972 | D:1      | Reached XP level 3. HP: 7/16 MP: 2/8
  1711 | D:2      | Found a faded altar of an unknown god.
  1787 | D:2      | Noticed Jessica
  1791 | D:2      | Killed Jessica
  1791 | D:2      | Reached XP level 4. HP: 21/21 MP: 2/9
  1856 | D:2      | Learned a level 3 spell: Confuse
  1860 | D:2      | Learned a level 3 spell: Tukima's Dance
  2347 | D:2      | Reached skill level 6 in Stealth
  2933 | D:3      | Noticed Terence
  2936 | D:3      | Killed Terence
  2936 | D:3      | Reached skill level 5 in Hexes
  2936 | D:3      | Reached XP level 5. HP: 24/24 MP: 10/10
  3223 | D:3      | Found a bloodstained altar of Trog.
  3672 | D:4      | Reached skill level 7 in Stealth
  3824 | D:4      | Reached XP level 6. HP: 22/28 MP: 5/12
  4000 | D:4      | Found a radiant altar of Vehumet.
  4022 | D:4      | Learned a level 3 spell: Dazzling Spray
  4241 | D:4      | Reached skill level 1 in Evocations
  4379 | D:4      | Got an ichor-stained rapier
  4380 | D:4      | Identified the +8 rapier of the Volcano {protect, +Inv
                  | rC+++ rN++ Dex-2} (You found it on level 4 of the Dungeon)
  4552 | D:5      | Entered Level 5 of the Dungeon
  4635 | D:5      | Reached skill level 5 in Dodging
  4635 | D:5      | Reached XP level 7. HP: 32/32 MP: 14/14
  4848 | D:5      | Found a glowing golden altar of the Shining One.
  4878 | D:5      | Reached skill level 8 in Stealth
  5242 | D:6      | Found a staircase to the Ecumenical Temple.
  5250 | Temple   | Entered the Ecumenical Temple
  5418 | D:6      | Found a hazy altar of Hepliaklqana.
  5506 | D:6      | Noticed Prince Ribbit
  5749 | D:6      | Noticed Eustachio
  5762 | D:6      | Killed Eustachio
  5762 | D:6      | Reached skill level 9 in Stealth
  5762 | D:6      | Reached XP level 8. HP: 36/36 MP: 15/15
  5989 | D:6      | Found a basalt altar of Yredelemnul.
  5995 | D:6      | Found a white marble altar of Elyvilon.
  5995 | D:6      | Found a sparkling altar of Nemelex Xobeh.
  5995 | D:6      | Found a hide-covered altar of Uskayaw.
  6004 | D:6      | Reached skill level 1 in Fighting
  6119 | D:6      | Killed Prince Ribbit
  6119 | D:6      | Reached skill level 10 in Stealth
  6412 | D:7      | Found a flagged portal.
  6417 | Bailey   | Entered a bailey
  6583 | Bailey   | Noticed an orc knight
  6600 | Bailey   | Killed an orc knight
  6600 | Bailey   | Reached skill level 5 in Short Blades
  6600 | Bailey   | Reached XP level 9. HP: 26/44 MP: 16/16
  6831 | D:7      | Reached skill level 5 in Evocations
  7117 | D:7      | Got a scorched dagger
  7132 | D:7      | Identified the +9 dagger of Collusion {holy, +Fly MP+9
                  | Str+4} (You found it on level 7 of the Dungeon)
  7281 | D:7      | Found a shadowy altar of Dithmenos.
  7284 | D:7      | Became a worshipper of Dithmenos the Shadowed
  7411 | D:7      | Noticed Harold
  7424 | D:7      | Killed Harold
  7424 | D:7      | Reached skill level 11 in Stealth
  7561 | D:8      | Found a sand-covered staircase.
  7597 | D:8      | Got a transparent dagger
  7629 | Ossuary  | Entered an ossuary
  7697 | Ossuary  | Reached * piety under Dithmenos
  7803 | Ossuary  | Identified the +9 dagger of Quydou Siext {chaos, *Noise
                  | rElec Str+4} (You found it on level 8 of the Dungeon)
  7834 | D:8      | Reached XP level 10. HP: 40/49 MP: 17/17
  7946 | D:8      | Reached skill level 1 in Invocations
  8021 | D:8      | Identified a scroll of acquirement
  8369 | D:9      | Learned a level 1 spell: Summon Butterflies
  8422 | D:9      | Reached skill level 1 in Shields
  8460 | D:9      | Reached skill level 12 in Stealth
  8582 | D:9      | Noticed Erolcha
  8589 | D:9      | Killed Erolcha
  8660 | D:9      | Reached ** piety under Dithmenos
  8795 | D:9      | Found a staircase to the Lair.
  8934 | D:9      | Found Luekieli's General Store.
  8942 | D:9      | Bought a cursed amulet of inaccuracy for 26 gold pieces
  9351 | D:9      | Reached skill level 13 in Stealth
  9554 | Lair:1   | Entered Level 1 of the Lair of Beasts
  9694 | Lair:1   | Noticed a black mamba
  9703 | Lair:1   | Killed a black mamba
  9736 | Lair:1   | Noticed a four-headed hydra
  9749 | Lair:1   | Killed a four-headed hydra
  9749 | Lair:1   | Reached XP level 11. HP: 52/52 MP: 17/18
  9769 | Lair:1   | Noticed a five-headed hydra
  9787 | Lair:1   | Killed a five-headed hydra
  9817 | Lair:1   | Reached skill level 5 in Shields
 10181 | Lair:1   | Reached skill level 10 in Short Blades
 10402 | Lair:1   | Reached *** piety under Dithmenos
 10540 | Lair:2   | Reached skill level 5 in Spellcasting
 10550 | Lair:2   | Learned a level 5 spell: Summon Mana Viper
 10570 | Lair:2   | Found a staircase to the Snake Pit.
 10634 | Lair:2   | Reached skill level 1 in Summonings
 11206 | Lair:2   | Found a staircase to the Swamp.
 11351 | Lair:2   | Gained mutation: Armour fits poorly on your strangely
                  | shaped body. [potion of mutation]
 11351 | Lair:2   | Gained mutation: You expend magic power (3 MP) to
                  | strengthen your wands. [potion of mutation]
 11351 | Lair:2   | Gained mutation: You have an increased reservoir of magic.
                  | (+10% MP) [potion of mutation]
 11557 | Lair:3   | Reached XP level 12. HP: 9/56 MP: 7/22
 11969 | Lair:3   | Reached skill level 14 in Stealth
 12127 | Lair:3   | Noticed a six-headed hydra
 12153 | Lair:3   | Killed a six-headed hydra
 12724 | D:10     | Entered Level 10 of the Dungeon
 12790 | D:10     | Reached skill level 10 in Hexes
 12851 | D:10     | Reached **** piety under Dithmenos
 13013 | D:10     | Noticed a two-headed ogre
 13039 | D:10     | Killed a two-headed ogre
 13152 | D:10     | Noticed a two-headed ogre
 13406 | D:10     | Found a staircase to the Orcish Mines.
 13530 | D:11     | Noticed a two-headed ogre
 13553 | D:11     | Killed a two-headed ogre
 13681 | D:11     | Reached ***** piety under Dithmenos
 13793 | D:11     | Reached skill level 15 in Stealth
 13867 | D:11     | Found the +2 ratskin cloak {+Rats rPois rN+ Str-1 Int-1
                  | Dex+1}
 13922 | D:11     | You fall through a shaft for 2 floors!
 14238 | D:11     | Reached skill level 10 in Dodging
 14474 | D:12     | Found a sacrificial altar of Ru.
 15016 | D:13     | Reached XP level 13. HP: 60/60 MP: 27/27
 15791 | D:13     | Found Bupni's Assorted Antiques.
 15825 | D:13     | Bought a fluorescent wand for 152 gold pieces
 16164 | D:14     | Found a gate to the Vaults.
 16199 | D:14     | Found a portal to a secret trove of treasure.
 16218 | D:14     | Noticed Nessos
 16227 | D:14     | Killed Nessos
 16312 | D:14     | Found a flickering gateway to a bazaar.
 16319 | Bazaar   | Entered a bazaar
 16337 | Bazaar   | Found Inalu's Distillery.
 16443 | Bazaar   | Found Imimuze's Antique Armour Shoppe.
 16466 | Bazaar   | Found Dafompo's Armour Shoppe.
 16531 | Bazaar   | Bought a potion of curing for 24 gold pieces
 16531 | Bazaar   | Bought a potion of curing for 24 gold pieces
 16531 | Bazaar   | Bought a potion of curing for 24 gold pieces
 16740 | D:14     | Reached ****** piety under Dithmenos
 17256 | Lair:4   | Found a runed translucent door.
 17260 | Lair:4   | Found a shimmering altar of Xom.
 17260 | Lair:4   | Noticed Oppylety's ghost (journeyman GrFi)
 17783 | Lair:4   | Reached skill level 5 in Fighting
 19023 | Lair:5   | Found a viscous altar of Jiyva.
 19024 | Lair:5   | Found a staircase to the Slime Pits.
 19152 | Lair:5   | Reached XP level 14. HP: 70/70 MP: 29/29
 19663 | Lair:6   | Entered Level 6 of the Lair of Beasts
 19753 | Lair:6   | Got a twisted quarterstaff
 19768 | Lair:6   | Found a runed translucent door.
 19773 | Lair:6   | Noticed TheNamelessOne's ghost (journeyman OpHu)
 19781 | Lair:6   | Killed TheNamelessOne's ghost
 19821 | Lair:6   | Reached skill level 16 in Stealth
 21412 | Lair:6   | Reached skill level 17 in Stealth
 21496 | Lair:6   | Found a runed translucent door.
 21830 | Lair:6   | Upgraded the game from 0.24-a0-235-g3f03afcf10 to
                  | 0.24-a0-244-ga6a6ab7d13
 22128 | D:14     | Reached skill level 15 in Hexes
 22276 | D:14     | Reached skill level 10 in Spellcasting
 22359 | D:14     | Got a flickering ivory amulet
 22361 | D:14     | Identified the amulet "Uramp" {Spirit rN+ Dex+6} (You
                  | acquired it on level 14 of the Dungeon)
 22363 | D:14     | Got a steaming golden ring
 22365 | D:14     | Identified the ring of Afukham {Wiz Int+7 Stlth+} (You
                  | acquired it on level 14 of the Dungeon)
 22721 | D:14     | Reached XP level 15. HP: 73/73 MP: 33/33
 22867 | D:15     | Entered Level 15 of the Dungeon
 23305 | D:15     | Found a staircase to the Depths.
 23416 | D:15     | Reached skill level 18 in Stealth
 23602 | D:13     | Bought a scroll of identify for 76 gold pieces
 23602 | D:13     | Bought a scroll of identify for 76 gold pieces
 23758 | Swamp:1  | Entered Level 1 of the Swamp
 23908 | Swamp:1  | Noticed a thorn hunter
 23910 | Swamp:1  | Killed a thorn hunter
 25680 | Swamp:3  | Noticed a thorn hunter
 25682 | Swamp:3  | Reached skill level 5 in Invocations
 25703 | Swamp:3  | Found a frozen archway.
 25710 | IceCv    | Entered an ice cave
 26523 | IceCv    | Noticed an Ice Fiend
 26564 | IceCv    | Killed an Ice Fiend
 26771 | IceCv    | Learned a level 5 spell: Metabolic Englaciation
 26802 | Swamp:3  | Killed a thorn hunter
 26802 | Swamp:3  | Reached XP level 16. HP: 77/77 MP: 31/34
 27121 | Swamp:3  | Found a deep blue altar of Sif Muna.
 27188 | Swamp:3  | Upgraded the game from 0.24-a0-244-ga6a6ab7d13 to
                  | 0.24-a0-249-g2af7e837d0
 27652 | Swamp:4  | Entered Level 4 of the Swamp
 28078 | Swamp:4  | Reached skill level 10 in Evocations
 28204 | Swamp:4  | Got a decaying rune of Zot
 28730 | Snake:1  | Entered Level 1 of the Snake Pit
 29042 | Snake:1  | Found Luiqy's Assorted Antiques.
 29042 | Snake:1  | Found Vufov's General Store.
 29060 | Snake:1  | Bought a potion of heal wounds for 70 gold pieces
 29069 | Snake:1  | Bought a leatherbound book for 450 gold pieces
 29073 | Snake:1  | Learned a level 3 spell: Regeneration
 30140 | Snake:2  | Found Oches's General Store.
 30148 | Snake:2  | Bought a potion of magic for 152 gold pieces
 30148 | Snake:2  | Bought a wand of paralysis (8) for 190 gold pieces
 30240 | Snake:2  | Found Ruroc's Gadget Emporium.
 30254 | Snake:2  | Bought a wand of clouds (4) for 432 gold pieces
 30254 | Snake:2  | Bought a wand of enslavement (9) for 198 gold pieces
 30655 | Snake:2  | Found Ketemek's Magic Scroll Boutique.
 30660 | Snake:2  | Bought a scroll of identify for 28 gold pieces
 30660 | Snake:2  | Bought a scroll of blinking for 105 gold pieces
 30660 | Snake:2  | Bought a scroll of identify for 28 gold pieces
 30660 | Snake:2  | Bought a scroll of blinking for 105 gold pieces
 31008 | Snake:3  | Noticed Roxanne
 31053 | Snake:3  | Killed Roxanne
 31264 | Snake:3  | Reached XP level 17. HP: 80/81 MP: 33/37
 31497 | Snake:4  | Entered Level 4 of the Snake Pit
 32239 | Snake:4  | Upgraded the game from 0.24-a0-249-g2af7e837d0 to
                  | 0.24-a0-250-g6074511092
 32385 | Snake:4  | Found a runed translucent door.
 32391 | Snake:4  | Noticed xoxolimbo's ghost (adept DsFE)
 33053 | Snake:4  | Killed xoxolimbo's ghost
 33699 | Snake:4  | Reached skill level 1 in Charms
 34416 | Snake:4  | Got a serpentine rune of Zot
 34741 | Orc:1    | Entered Level 1 of the Orcish Mines
 34784 | Orc:1    | You fall through a shaft!
 34784 | Orc:2    | Entered Level 2 of the Orcish Mines
 34784 | Orc:2    | Found Foudah's Armour Boutique.
 34784 | Orc:2    | Found Rapn's Assorted Antiques.
 34784 | Orc:2    | Found Nefia's Armour Emporium.
 34784 | Orc:2    | Found Arghunim's Jewellery Shop.
 34794 | Orc:2    | Reached skill level 5 in Charms
 34880 | Orc:2    | Bought the ring of Shadows {Umbra +Inv Stlth+} for 440 gold
                  | pieces
 34880 | Orc:2    | Found the ring of Shadows {Umbra +Inv Stlth+}
 34888 | Orc:2    | Bought a scroll labeled CAUNAC VAIN for 32 gold pieces
 35220 | Orc:1    | Reached XP level 18. HP: 88/88 MP: 39/39
 35295 | Orc:1    | Noticed Nergalle
 35384 | Orc:1    | Killed Nergalle
 35829 | Orc:1    | Found a roughly hewn altar of Beogh.
 35982 | Orc:2    | Upgraded the game from 0.24-a0-250-g6074511092 to
                  | 0.24-a0-251-g44e327ef01
 36037 | Orc:2    | Found a staircase to the Elven Halls.
 36082 | Orc:2    | Found a roughly hewn altar of Beogh.
 36271 | Orc:2    | Bought a cursed ring of attention for 49 gold pieces
 36352 | Orc:2    | Found a roughly hewn altar of Beogh.
 36603 | Vaults:1 | Entered Level 1 of the Vaults
 37092 | Vaults:1 | Noticed Saint Roka
 37261 | Vaults:1 | Killed Saint Roka
 37261 | Vaults:1 | Reached skill level 19 in Stealth
 38071 | Vaults:1 | Reached skill level 15 in Dodging
 38993 | Vaults:1 | Learned a level 3 spell: Ozocubu's Armour
 39408 | Vaults:1 | Reached skill level 20 in Stealth
 39782 | Depths:1 | Entered Level 1 of the Depths
 39793 | Depths:1 | Found Qedgh's Demolitions Depot.
 39831 | Depths:1 | Found a runed translucent door.
 39839 | Depths:1 | Noticed a golden dragon
 39842 | Depths:1 | Killed a golden dragon
 40707 | Vaults:2 | Reached XP level 19. HP: 88/93 MP: 40/40
 40734 | Vaults:2 | Reached skill level 1 in Armour
 40853 | Vaults:2 | Noticed Sojobo
 40862 | Vaults:2 | Killed Sojobo
 41589 | Vaults:2 | Found a hide-covered altar of Uskayaw.
 41813 | Vaults:3 | Reached skill level 5 in Armour
 42133 | Vaults:3 | Learned a level 5 spell: Yara's Violent Unravelling
 42137 | Vaults:3 | Learned a level 3 spell: Gell's Gravitas
 42185 | Vaults:3 | Reached skill level 1 in Translocations
 42533 | Vaults:3 | Found a staircase to the Crypt.
 42880 | Vaults:3 | Reached skill level 5 in Translocations
 42933 | Vaults:3 | Reached skill level 1 in Transmutations
 43673 | Vaults:4 | Reached XP level 20. HP: 98/100 MP: 43/43
 43866 | Vaults:4 | Found a runed translucent gate.
 43866 | Vaults:4 | Found a runed translucent gate.
 43867 | Vaults:4 | Found a runed translucent gate.
 44532 | Vaults:4 | Reached skill level 15 in Spellcasting
 44949 | Vaults:4 | Noticed Zero's ghost (adept GrBe)
 44951 | Vaults:4 | Identified the ring of Iwaseh {rCorr Dex+4}
 45303 | Slime:1  | Entered Level 1 of the Pits of Slime
 47269 | Slime:3  | Gained mutation: You tend to lose your temper in combat. [a
                  | shining eye]
 47286 | Slime:3  | Lost mutation: You have an increased reservoir of magic.
                  | (+10% MP) [potion of mutation]
 47286 | Slime:3  | Lost mutation: You tend to lose your temper in combat.
                  | [potion of mutation]
 47286 | Slime:3  | Lost mutation: You expend magic power (3 MP) to strengthen
                  | your wands. [potion of mutation]
 47286 | Slime:3  | Lost mutation: Armour fits poorly on your strangely shaped
                  | body. [potion of mutation]
 47286 | Slime:3  | Gained mutation: Your spells are a little easier to cast,
                  | but a little less powerful. [potion of mutation]
 47286 | Slime:3  | Gained mutation: Your spells are easier to cast, but less
                  | powerful. [potion of mutation]
 47286 | Slime:3  | Gained mutation: You are agile. (Dex +2) [potion of
                  | mutation]
 47286 | Slime:3  | Gained mutation: Your mind is acute. (Int +2) [potion of
                  | mutation]
 47287 | Slime:3  | Lost mutation: You are agile. (Dex +2) [potion of mutation]
 47287 | Slime:3  | Lost mutation: Your spells are easier to cast, but less
                  | powerful. [potion of mutation]
 47287 | Slime:3  | Gained mutation: You are resistant to hostile enchantments.
                  | (MR+) [potion of mutation]
 47288 | Slime:3  | Lost mutation: Your spells are a little easier to cast, but
                  | a little less powerful. [potion of mutation]
 47288 | Slime:3  | Lost mutation: Your mind is acute. (Int +2) [potion of
                  | mutation]
 47288 | Slime:3  | Lost mutation: You are resistant to hostile enchantments.
                  | (MR+) [potion of mutation]
 47288 | Slime:3  | Gained mutation: You are frail. (-10% HP) [potion of
                  | mutation]
 47288 | Slime:3  | Gained mutation: You are weak. (Str -2) [potion of
                  | mutation]
 47288 | Slime:3  | Gained mutation: You are surrounded by a mild repulsion
                  | field. (EV +2) [potion of mutation]
 47289 | Slime:3  | Lost mutation: You are frail. (-10% HP) [potion of
                  | mutation]
 47289 | Slime:3  | Lost mutation: You are weak. (Str -2) [potion of mutation]
 47289 | Slime:3  | Gained mutation: Your mind is acute. (Int +2) [potion of
                  | mutation]
 47289 | Slime:3  | Gained mutation: Your mind is very acute. (Int +4) [potion
                  | of mutation]
 47289 | Slime:3  | Gained mutation: You are agile. (Dex +2) [potion of
                  | mutation]
 48025 | Slime:5  | Entered Level 5 of the Pits of Slime
 48221 | Slime:5  | Found a viscous altar of Jiyva.
 48223 | Slime:5  | Noticed the Royal Jelly
 48276 | Slime:5  | Reached XP level 21. HP: 105/105 MP: 43/43
 48450 | Slime:5  | Killed the Royal Jelly
 48450 | Slime:5  | Reached skill level 21 in Stealth
 48632 | Slime:5  | Got a slimy rune of Zot
 48900 | Lair:5   | Upgraded the game from 0.24-a0-251-g44e327ef01 to
                  | 0.24-a0-254-gf493760c10
 49475 | Depths:1 | Bought a wand of clouds (6) for 360 gold pieces
 49475 | Depths:1 | Bought a book of Annihilations for 1324 gold pieces
 49484 | Depths:1 | Learned a level 5 spell: Summon Forest
 49490 | Depths:1 | Learned a level 5 spell: Aura of Abjuration
 49808 | Depths:1 | Found a one-way gate leading to the halls of Pandemonium.
 50188 | Depths:1 | Found a gateway to Hell.
 50654 | Depths:2 | Reached skill level 15 in Short Blades
 50855 | Depths:2 | Gained mutation: Your magical capacity is low. (-10% MP)
                  | [mutagenic glow]
 51024 | Depths:2 | Reached skill level 5 in Summonings
 51049 | Depths:2 | Identified the +1 faerie dragon scales {+Blink rF++ MR+
                  | rCorr Str+4}
 51049 | Depths:2 | Noticed the Enchantress
 51731 | Depths:2 | Identified the +7 shadow dragon scales "Deomp" {Str-4 Dex+6
                  | Stlth++++}
 51740 | Depths:2 | Noticed a golden dragon
 51918 | Depths:2 | Killed the Enchantress
 52120 | Depths:2 | Reached skill level 22 in Stealth
 52897 | Depths:2 | Found a shadowy altar of Dithmenos.
 52907 | Depths:2 | Found the +2 pair of boots of the Assassin {Detection Stab+
                  | Stlth++}
 53797 | Depths:3 | Found Ubougo's Distillery.
 53868 | Depths:3 | Reached XP level 22. HP: 102/109 MP: 15/39
 55539 | Depths:3 | Found a gateway to a ziggurat.
 55702 | Depths:5 | Entered Level 5 of the Depths
 55996 | Depths:4 | Found a runed translucent gate.
 55997 | Depths:4 | Found a runed translucent gate.
 55997 | Depths:4 | Found a runed translucent gate.
 55999 | Depths:4 | Noticed Iletz's ghost (veteran GnWn)
 56007 | Depths:4 | Killed Iletz's ghost
 56088 | Depths:4 | Found a one-way gate to the infinite horrors of the Abyss.
 57451 | Crypt:1  | Entered Level 1 of the Crypt
 58422 | D:14     | You paid a toll of 9 potions of agility to enter a treasure
                  | trove
 58423 | Trove    | Entered a treasure trove
 58434 | Trove    | Got a scintillating brass ring
 58438 | Trove    | Got a dazzling quick blade
 58440 | Trove    | Got a slimy iron ring
 58442 | Trove    | Got a slimy ivory ring
 58444 | Trove    | Got a twitching brass amulet
 58622 | Depths:3 | Identified the +7 quick blade of Pride {pierce, rF++ Str-3
                  | Int+8} (You found it in a treasure trove)
 58623 | Depths:3 | Identified the ring of Lotamou {Wiz rF++} (You found it in
                  | a treasure trove)
 58624 | Depths:3 | Identified the amulet "Necs" {Spirit +Blink rPois Int+4
                  | Dex+2 Stlth+} (You found it in a treasure trove)
 58625 | Depths:3 | Identified the ring "Deme" {+Fly Int+4} (You found it in a
                  | treasure trove)
 58626 | Depths:3 | Identified the ring "Jeunih" {MP+9 Int+3 Stlth+} (You found
                  | it in a treasure trove)
 59056 | Elf:1    | Entered Level 1 of the Elven Halls
 59288 | Elf:1    | Reached skill level 1 in Conjurations
 59314 | Elf:1    | Noticed Aizul
 59324 | Elf:1    | Killed Aizul
 59514 | Elf:1    | Identified Biudoil's Tome of Arcane Weapons and Summoning
 59962 | Elf:1    | Noticed Azrael
 59970 | Elf:1    | Killed Azrael
 60354 | Elf:2    | Reached XP level 23. HP: 94/115 MP: 40/40
 60512 | Elf:2    | Found a runed translucent gate.
 60512 | Elf:2    | Found a runed translucent gate.
 60512 | Elf:2    | Found a runed translucent gate.
 60610 | Elf:2    | Reached skill level 10 in Translocations
 60968 | Elf:3    | Entered Level 3 of the Elven Halls
 61550 | Elf:3    | Identified the +9 morningstar of Peril {antimagic, MR+}
 61576 | Elf:3    | Reached skill level 10 in Summonings
 61852 | Elf:3    | Identified the cursed +1 rapier "Giogokko" {pierce, Dex+4}
 61895 | Elf:3    | Identified the ring of Symmetry {*Tele rPois}
 62038 | Elf:3    | Identified the ring of Kecifocw {rPois rN++ Int+3 Dex-5
                  | Stlth+}
 62107 | Elf:3    | Identified the +8 morningstar "Sikek" {drain, *Noise rElec
                  | Stlth+}
 62107 | Elf:3    | Identified the +2 robe "Juyd" {rN+}
 62107 | Elf:3    | Identified the +8 dire flail "Zill" {crush, rPois Str+2
                  | Int+6}
 62204 | Elf:3    | Identified the +11 short sword "Widowmaker" {venom, Str+4}
 62523 | Elf:3    | Reached skill level 5 in Conjurations
 63039 | Elf:3    | Identified Uczetotes's Volume of Earth and Evil Rites
 63041 | Elf:3    | Identified Duheovok's Compendium of Vitriolic Creation
 63055 | Elf:3    | Identified the Guide on Combat Magic and Aid
 63950 | Crypt:1  | Noticed Frederick
 64336 | Crypt:1  | Killed Frederick
 64575 | Crypt:1  | Learned a level 7 spell: Summon Hydra
 65737 | Crypt:3  | Entered Level 3 of the Crypt
 66495 | Crypt:3  | Identified Bygicukki's Volume of Black Secrets
 66657 | Crypt:3  | Noticed Jory
 66671 | Crypt:3  | Reached XP level 24. HP: 118/119 MP: 26/40
 66703 | Crypt:3  | Killed Jory
 67062 | Crypt:3  | Reached skill level 10 in Fighting
 67312 | Crypt:3  | Found a staircase to the Tomb.
 67371 | Crypt:3  | Noticed an ancient lich
 67373 | Crypt:3  | Killed an ancient lich
 67539 | Crypt:3  | Found an ancient bone altar of Kikubaaqudgha.
 67574 | Crypt:3  | Got a smoking amber ring
 67619 | Crypt:3  | Learned a level 6 spell: Darkness
 67626 | Crypt:3  | Learned a level 6 spell: Invisibility
 69167 | Depths:5 | Reached skill level 5 in Necromancy
 69241 | Depths:5 | Upgraded the game from 0.24-a0-254-gf493760c10 to
                  | 0.24-a0-258-gb86c0f735e
 69424 | Depths:5 | Learned a level 5 spell: Lee's Rapid Deconstruction
 69440 | Depths:5 | Identified the +1 scale mail of Parlour Games {MR+ Str+2
                  | Dex+4}
 69520 | Depths:5 | Reached skill level 1 in Earth Magic
 69649 | Depths:5 | Noticed a juggernaut
 69666 | Depths:5 | Killed a juggernaut
 69933 | Depths:5 | Found a gate to the Realm of Zot.
 70377 | Zot:1    | Entered Level 1 of the Realm of Zot
 70973 | Zot:1    | Identified the ring of Secrets {Int+3 Slay+3} (You found it
                  | on level 3 of the Crypt)
 71043 | Zot:1    | Reached skill level 5 in Earth Magic
 71551 | Zot:1    | Reached skill level 23 in Stealth
 72129 | Zot:1    | Reached XP level 25. HP: 112/123 MP: 15/42
 72302 | Zot:1    | Identified the Handbook of Mutagenic Calling
 72352 | Zot:1    | Noticed an ancient lich
 72354 | Zot:1    | Killed an ancient lich
 73253 | Zot:2    | Identified the Papyrus of Captivating Clay
 73338 | Zot:2    | Reached skill level 24 in Stealth
 74319 | Depths:4 | Voluntarily entered the Abyss.
 74788 | Abyss:1  | Found an opulent altar of Gozag.
 74806 | Abyss:1  | Found an iron altar of Okawaru.
 75341 | Abyss:1  | Found a hazy altar of Hepliaklqana.
 75942 | Abyss:4  | Found a corrupted altar of Lugonu.
 75998 | Abyss:4  | Found a corrupted altar of Lugonu.
 76037 | Abyss:4  | Got an abyssal rune of Zot
 76120 | Depths:4 | Escaped the Abyss
 76261 | Depths:4 | Upgraded the game from 0.24-a0-258-gb86c0f735e to
                  | 0.24-a0-264-gf46a388040
 76269 | Depths:4 | Learned a level 5 spell: Alistair's Intoxication
 76504 | Vaults:5 | Entered Level 5 of the Vaults
 76510 | Vaults:5 | Noticed an ancient lich
 76542 | Vaults:5 | Reached skill level 10 in Necromancy
 76560 | Vaults:5 | Noticed an ancient lich
 76610 | Vaults:5 | Identified the +9 double sword of Patterns {slice, rElec
                  | MR- Dex+5}
 76616 | Vaults:5 | Found the amulet of Vitality {Regen+ HP+15}
 76629 | Vaults:5 | Got a silver rune of Zot
 76631 | Vaults:5 | Identified the Incunabulum of Evil Talismans
 76633 | Vaults:5 | Identified Asmodeus's Guide on Battle Magic
 76847 | Vaults:5 | Identified the +1 great mace of Starshine {flame, rC+}
 77722 | Vaults:5 | Reached skill level 15 in Evocations
 77901 | Vaults:5 | Killed an ancient lich
 77901 | Vaults:5 | Reached XP level 26. HP: 130/130 MP: 27/43
 78225 | Vaults:5 | Identified the ring of Quxzefe {rF+ MR- Int+5}
 78863 | Vaults:5 | Killed an ancient lich
 78922 | Vaults:5 | Identified the cursed +0 lajatang of Callousness {flame,
                  | rPois Stlth+}
 79398 | Vaults:5 | Upgraded the game from 0.24-a0-264-gf46a388040 to
                  | 0.24-a0-266-g1edb078f7a
 79463 | Vaults:5 | Identified the +5 glaive "Domiw" {chop, rF+}
 80244 | Vaults:4 | Noticed Mara
 80306 | Vaults:4 | Noticed soonmide's illusion
 80347 | Vaults:4 | Killed Mara
 80909 | Hell     | Entered the Vestibule of Hell
 80909 | Hell     | Noticed Geryon
 80916 | Hell     | Killed Geryon
 80928 | Hell     | Found a gateway to the freezing wastes of Cocytus.
 81072 | Hell     | Noticed Murray
 81080 | Hell     | Killed Murray
 81507 | Coc:1    | Entered Level 1 of Cocytus
 82616 | Coc:3    | Reached skill level 25 in Stealth
 82826 | Coc:4    | Reached XP level 27. HP: 116/137 MP: 35/43
 84743 | Coc:7    | Entered Level 7 of Cocytus
 85246 | Coc:7    | Reached skill level 26 in Stealth
 86165 | Coc:7    | Noticed Antaeus
 86960 | Coc:7    | Killed Antaeus
 86979 | Coc:7    | Got an icy rune of Zot
 87581 | Hell     | Found a gateway to the decaying netherworld of Tartarus.
 87582 | Hell     | Reached skill level 27 in Stealth
 87767 | Hell     | Found a gateway to the ashen valley of Gehenna.
 87843 | Hell     | Learned a level 7 spell: Haunt
 88369 | Hell     | Found a gateway to the Iron City of Dis.
 89008 | Zot:3    | Upgraded the game from 0.24-a0-266-g1edb078f7a to
                  | 0.24-a0-269-g32ec7cac8f
 90251 | Zot:4    | Found Xiwuot's Changing Room.
 90265 | Zot:4    | Bought a book of Alchemy for 975 gold pieces
 90273 | Zot:4    | Identified the +6 broad axe "Rehiuvod" {freeze, +Fly rN+
                  | Dex+3}
 90567 | Zot:5    | Entered Level 5 of the Realm of Zot
 90679 | Zot:5    | Noticed an ancient lich
 90680 | Zot:5    | Killed an ancient lich
 90777 | Zot:5    | Noticed an ancient lich
 90788 | Zot:5    | Killed an ancient lich
 90820 | Zot:5    | Noticed an orb of fire
 90822 | Zot:5    | Noticed an orb of fire
 90823 | Zot:5    | Killed an orb of fire
 90825 | Zot:5    | Killed an orb of fire
 91282 | Zot:5    | Noticed an ancient lich
 91298 | Zot:5    | Killed an ancient lich
 91751 | Zot:5    | Noticed an ancient lich
 91983 | Zot:5    | Killed an ancient lich
 92426 | Zot:5    | Noticed an ancient lich
 92543 | Zot:5    | Killed an ancient lich
 92805 | Zot:5    | Noticed an orb of fire
 92817 | Zot:5    | Killed an orb of fire
 93114 | Zot:5    | Got the Orb of Zot
 93639 | D:$      | Escaped with the Orb!

Levels and vault maps discovered:
D:1:      minmay_arrival_solitary_statue, layout_loops_cross,
          minmay_indecisive_spiral
D:2:      layout_loops_corners, chequers_ecumenical_altar_island, uniq_jessica
D:3:      layout_basic, serial_undead, serial_undead_f, serial_undead_d,
          serial_undead_b, serial_undead_e, bloody_trog, uniq_terence
D:4:      layout_loops_ring, fiery_altar_vehumet, first_ration
D:5:      layout_gridville, nicolae_tso_carved_into_rock
D:6:      layout_cave_pods, minitemple, minmay_temple_entry_sparse_star,
          basic_altar, uniq_prince_ribbit1, uniq_eustachio
D:7:      layout_basic, kennysheep_mini_moat, enter_bailey_3, uniq_harold
D:8:      layout_rooms, nicolae_ossuary_entry_ruins
D:9:      layout_long_grid, erik_lair_orcish_takeover, serial_shops, shop,
          st_stairs_7, uniq_erolcha
D:10:     layout_rooms, hiddenorc1_lemuel
D:11:     layout_irregular_city
D:12:     layout_grid_maze, basic_altar, hangedman_pestilent_swarm
D:13:     layout_layer_cave, serial_shops, shop
D:14:     layout_basic, lightli_vaults_fourway_checkpoint, nicolae_water_bricks,
          serial_shops, bzr_in_the_mist, enter_trove_0, uniq_nessos
D:15:     grunt_enter_depths_hoard, layout_basic, chequers_serial_rivers_room_b
Temple:   nicolae_temple_elliptical
Lair:1:   layout_roguey
Lair:2:   layout_chaotic_city, minmay_swamp_entry_worms,
          guppyfry_snake_entry_garden, grunt_megastairs_1,
          infiniplex_staircase_pool_2, lemuel_fruit_tree
Lair:3:   layout_layer_cave, infiniplex_staircase_pool
Lair:4:   layout_gridlike, ebering_ghost_xom, serial_bayou_shore_a,
          grunt_megastairs_4
Lair:5:   layout_loops_ring, slime_altar_1
Lair:6:   wormcave, layout_loops_ring, hangedman_lair_caniforms_friends,
          ebering_ghost_reflecting_pool, lemuel_fruit_fields
Swamp:1:  layout_basic_swamp, evilmike_swamp_ruin_house_3
Swamp:2:  layout_basic_swamp, evilmike_swamp_ruin_house_4, swamp_pool4,
          grunt_hermit_hut
Swamp:3:  layout_basic_swamp, portal_ice_cave_entry_pillars_four,
          nicolae_swamp_godswood
Swamp:4:  swamp_icy, layout_basic_swamp
Snake:1:  layout_chambers, minmay_shoptagon
Snake:2:  layout_onion, serial_shops, shop, nicolae_shop_crystal,
          nicolae_shop_waterfront
Snake:3:  layout_gridlike, uniq_roxanne
Snake:4:  grunt_snake_rune_pools, layout_cave_town, ebering_ghost_inner_flame
Slime:1:  layout_caves
Slime:2:  layout_caves
Slime:3:  layout_caves
Slime:4:  layout_caves
Slime:5
Orc:1:    layout_diamond_mine, special_room [special_room_orc], uniq_nergalle
Orc:2:    st_orc_ogre_mass, layout_caves, basic_altar, special_room,
          bh_open_orc_temple
Elf:1:    eino_elf_arrival_shootout, layout_onion_city, minmay_elf_sorcery,
          uniq_aizul, uniq_azrael
Elf:2:    layout_geoelf_octagon
Elf:3:    elf_hall_gauntlet_narrow, layout_geoelf_castle
Vaults:1: ontoclasm_vaults_gallery, v_misc_13, nicolae_vaults_specimen_jars,
          ontoclasm_vaults_hangar, dpeg_vaults_monster_box, vaults_room_pools,
          vaults_room_grid, layout_vaults_quadrants, uniq_saint_roka
Vaults:2: hangedman_vaults_nails, nicolae_vaults_little_squares_2,
          vaults_mumra_minichess, ontoclasm_vaults_loading_screen,
          grunt_vaults_hallway_short, vaults_room_ringed_pool,
          ontoclasm_vaults_idyll, ontoclasm_vaults_eye,
          ontoclasm_vaults_gateway, v_misc_23, vaults_dpeg_hooks,
          hangedman_vaults_maws, v_misc_1, v_alt_pattern_1,
          layout_vaults_big_room, basic_altar, uniq_sojobo
Vaults:3: minmay_crypt_entry_simple_round, vaults_room_door_hall,
          hangedman_vaults_nails, nicolae_vaults_statue_guard,
          nicolae_vaults_rhombus_7, v_misc_12, hangedman_vaults_cutoff,
          vaults_room_hallway, ontoclasm_vaults_ring_square, v_pattern_1,
          v_misc_12, layout_vaults_maze_bifur
Vaults:4: gammafunk_vaults_ghost_tricky_traps, v_alt_pattern_1,
          hangedman_vaults_impose, hangedman_vaults_nails,
          nicolae_vaults_ring_of_whatevers, v_misc_32, v_misc_19,
          nicolae_vaults_circle_grid_b, ontoclasm_vaults_spin,
          hangedman_vaults_corner_blocks, grunt_vaults_hallway_short,
          layout_vaults_omnicross, uniq_mara
Vaults:5
Crypt:1:  layout_misc_corridors, uniq_frederick
Crypt:2:  layout_misc_corridors
Crypt:3:  quadcrypt_mu, uniq_jory
Depths:1: layout_long_grid, rand_demon_pan_entry_4, kennysheep_doodads,
          hell_entry, nicolae_blasting_shop, ebering_dispersal_statue_hall,
          minmay_variable_closet, minmay_misc_feat_tower, minmay_holes,
          lightli_gold_pyramid
Depths:2: regret_index_dithmenos_brocken_genspenst, layout_cave_pools,
          pf_hell_entry_great_geh, grunt_pan_entry_zigzag,
          infiniplex_staircase_diamond, uniq_enchantress
Depths:3: kennysheep_blocky_room, layout_gridlike, enter_ziggurat_f,
          minmay_staircase_statues_hall_large, serial_shops, nicolae_shop_trees,
          rand_demon_pan_entry_9, pf_coc_iceberg, abandoned_shop
Depths:4: kennysheep_funnel, layout_basic, ebering_ghost_rock_garden,
          abyss_entry_crystal, chequers_serial_rivers_room_b,
          grunt_mini_vestibule, infiniplex_staircase_squiggle
Depths:5: evilmike_zot_entry_basic, layout_gridlike, grunt_hell_entry_dis_old,
          hex_medium
Hell
Coc:1:    layout_ice_bergs
Coc:2:    layout_cocytus_water_paths
Coc:3:    layout_cocytus_water_paths
Coc:4:    layout_ice_bergs
Coc:5:    layout_ice_bergs
Coc:6:    layout_cocytus_water_paths
Coc:7:    coc_grunt
Zot:1:    layout_gridlike, lemuel_lich_library
Zot:2:    layout_twisted_circle, zot_minivault_1
Zot:3:    layout_onion_interference
Zot:4:    layout_gridville, hangedman_zot_decor_tridents,
          st_single_dragon_hoard_2, nicolae_transmutations_shop,
          hangedman_hellfire_club
Zot:5:    layout_twisted_circle
Abyss:1:  evilmike_abyss_exit_glass
Abyss:2
Abyss:3
Abyss:4:  nicolae_abyss_rune_left_handed, evilmike_abyss_exit_2
Bazaar:   bazaar_short_row
Trove:    trove_simple
Ossuary:  ossuary_minmay_tomb_2a
Bailey:   bailey_axe_2, bailey
IceCv:    ice_cave_caverns_01

Skill      XL: |  1  2  3  4  5  6  7  8  9 10 11 12 13 14 15 16 17 18 19 20 21 22 23 24 25 26 27 |
---------------+----------------------------------------------------------------------------------+-----
Spellcasting   | 3 4 5 7 8 10 12 13 14 17 18 20 25 | 25.6
Hexes          | 4 5 6 8 9 11 13 15 16 17 18 19 20 21 26 | 26.4
Stealth        | 5 6 7 9 10 11 13 15 17 18 20 22 23 24 25 27 | 27.0
Short Blades   | 2 3 5 7 9 10 11 13 14 15 16 17 | 17.0
Dodging        | 4 5 6 7 10 13 16 17 18 20 | 20.5
Evocations     | 2 4 6 8 9 10 12 13 14 15 17 | 17.3
Fighting       | 3 6 7 9 10 12 | 12.1
Invocations    | 1 4 6 8 |  8.5
Shields        | 4 7 |  7.2
Summonings     | 1 2 7 9 11 | 11.4
Charms         | 5 |  5.3
Armour         | 5 6 7 |  7.6
Translocations | 7 9 13 14 | 14.0
Transmutations | 3 |  3.4
Conjurations   | 2 7 |  7.6
Necromancy     | 7 10 | 10.3
Earth Magic    | 5 |  5.1

Action                   |  1- 3 |  4- 6 |  7- 9 | 10-12 | 13-15 | 16-18 | 19-21 | 22-24 | 25-27 || total
-------------------------+-------+-------+-------+-------+-------+-------+-------+-------+-------++-------
Melee: Dagger            |   141 |   108 |    76 |   137 |    45 |   399 |     6 |    84 |       ||   996
       Rapier            |       |    18 |   183 |   551 |  1179 |   970 |  1386 |   407 |  2085 ||  6779
       Quick blade       |       |       |       |       |       |       |       |  1049 |   818 ||  1867
Throw: Throwing net      |       |       |       |     2 |     1 |     5 |     6 |    14 |    10 ||    38
 Cast: Corona            |     9 |     2 |       |       |       |       |       |       |       ||    11
       Ensorcelled Hiber |    13 |    22 |     5 |    59 |   111 |    60 |    19 |    12 |     3 ||   304
       Confuse           |       |     3 |    22 |    43 |   169 |   280 |   209 |   333 |   425 ||  1484
       Dazzling Spray    |       |       |     8 |    18 |    34 |    43 |    64 |    38 |    77 ||   282
       Tukima's Dance    |       |       |     7 |       |       |     1 |    20 |    21 |    16 ||    65
       Summon Mana Viper |       |       |       |       |     1 |    15 |     4 |    11 |       ||    31
       Summon Butterflie |       |       |       |       |     1 |       |     2 |     2 |       ||     5
       Metabolic Englaci |       |       |       |       |       |     4 |     4 |     1 |       ||     9
       Regeneration      |       |       |       |       |       |       |     4 |     3 |    51 ||    58
       Yara's Violent Un |       |       |       |       |       |       |     4 |    15 |     9 ||    28
       Gell's Gravitas   |       |       |       |       |       |       |    13 |    33 |     3 ||    49
       Aura of Abjuratio |       |       |       |       |       |       |     9 |    11 |    15 ||    35
       Summon Hydra      |       |       |       |       |       |       |       |     9 |   124 ||   133
       Lee's Rapid Decon |       |       |       |       |       |       |       |     7 |    14 ||    21
       Darkness          |       |       |       |       |       |       |       |     2 |    50 ||    52
       Invisibility      |       |       |       |       |       |       |       |     1 |     1 ||     2
       Alistair's Intoxi |       |       |       |       |       |       |       |       |     5 ||     5
       Haunt             |       |       |       |       |       |       |       |       |     9 ||     9
Invok: Shadow Step       |       |       |       |       |     6 |    11 |    14 |    15 |    29 ||    75
       Shadow Form       |       |       |       |       |       |     1 |       |       |       ||     1
 Abil: Evoke Ratskin     |       |       |       |     1 |     1 |     1 |       |       |       ||     3
       Evoke Invisibilit |       |       |       |       |     5 |     6 |     5 |       |     3 ||    19
       Evoke Blink       |       |       |       |       |       |       |       |       |     1 ||     1
Evoke: Wand              |       |       |     3 |       |    14 |    18 |    23 |    21 |    52 ||   131
       Box of beasts     |       |       |       |       |     2 |       |       |       |     2 ||     4
       Fan of gales      |       |       |       |       |       |       |       |       |     5 ||     5
       Phial of floods   |       |       |       |       |       |       |       |       |     3 ||     3
       Crystal ball of e |       |       |       |       |       |       |       |       |     9 ||     9
       Sack of spiders   |       |       |       |       |       |       |       |       |     9 ||     9
       Horn of Geryon    |       |       |       |       |       |       |       |       |     8 ||     8
       Phantom mirror    |       |       |       |       |       |       |       |       |     4 ||     4
  Use: Scroll            |       |     3 |     6 |    18 |    13 |    13 |    10 |    15 |    17 ||    95
       Potion            |       |       |       |     2 |     2 |     8 |     5 |     3 |    30 ||    50
 Stab: Sleeping          |    19 |    25 |    25 |    80 |   136 |   142 |   209 |   187 |   172 ||   995
       Distracted        |     1 |       |     4 |     5 |    13 |    23 |    15 |    24 |    98 ||   183
       Confused          |       |     1 |    14 |    18 |   116 |   153 |   121 |   208 |   286 ||   917
       Invisible         |       |       |     4 |     5 |    30 |    23 |    56 |     4 |    29 ||   151
       Held in net/web   |       |       |       |       |     2 |     6 |     2 |    14 |    11 ||    35
       Fleeing           |       |       |       |       |       |     1 |       |       |       ||     1
       Paralysed         |       |       |       |       |       |       |       |       |     1 ||     1
  Eat: Ration            |       |     2 |     3 |     6 |     9 |     9 |     9 |    10 |    18 ||    66
Armor: Robe              |    13 |     7 |    32 |    32 |       |       |       |       |       ||    84
       Troll leather arm |       |       |       |    17 |    74 |    35 |       |       |       ||   126
       Acid dragon scale |       |       |       |       |       |       |    56 |    35 |   149 ||   240
Dodge: Dodged            |   110 |    78 |   215 |   490 |   707 |   827 |   740 |   498 |  1921 ||  5586
Block: Buckler           |       |       |       |   168 |   314 |   369 |   305 |   290 |  1057 ||  2503

Table legend:
 A = Non-vault XP
 B = Vault XP
 C = Vault XP percentage of total XP
 D = Non-vault monster count
 E = Vault monster count
 F = Vault count percentage of total count
                 A         B        C        D         E       F
            +---------+---------+-------+---------+---------+-------
      Total | 1153079 |  841467 |  42.2 |    2008 |    1057 |  34.5
            +---------+---------+-------+---------+---------+-------
        D:1 |      38 |       9 |  19.1 |      24 |       4 |  14.3
        D:2 |      89 |      37 |  29.4 |      17 |       1 |   5.6
        D:3 |      91 |      72 |  44.2 |      15 |       7 |  31.8
        D:4 |     222 |       0 |   0.0 |      11 |       0 |   0.0
        D:5 |     449 |       0 |   0.0 |      13 |       0 |   0.0
        D:6 |     895 |     461 |  34.0 |      17 |       2 |  10.5
        D:7 |     993 |    1036 |  51.1 |      29 |       5 |  14.7
        D:8 |    1184 |       0 |   0.0 |      28 |       0 |   0.0
        D:9 |    1877 |    1649 |  46.8 |      21 |      10 |  32.3
       D:10 |    5244 |     881 |  14.4 |      47 |      19 |  28.8
       D:11 |    5104 |       0 |   0.0 |      31 |       0 |   0.0
       D:12 |    1427 |     781 |  35.4 |      13 |       4 |  23.5
       D:13 |    6890 |       0 |   0.0 |      36 |       0 |   0.0
       D:14 |   12800 |    8473 |  39.8 |      38 |      13 |  25.5
       D:15 |   10941 |    2022 |  15.6 |      24 |       2 |   7.7
     Lair:1 |    5992 |       0 |   0.0 |      22 |       0 |   0.0
     Lair:2 |    4226 |    1122 |  21.0 |      16 |       5 |  23.8
     Lair:3 |    3502 |       0 |   0.0 |      12 |       0 |   0.0
     Lair:4 |    7179 |     989 |  12.1 |      21 |       3 |  12.5
     Lair:5 |   12719 |       0 |   0.0 |      26 |       0 |   0.0
     Lair:6 |    2762 |   18323 |  86.9 |      13 |      74 |  85.1
    Swamp:1 |    9825 |       0 |   0.0 |      19 |       0 |   0.0
    Swamp:2 |    8147 |     601 |   6.9 |      26 |       1 |   3.7
    Swamp:3 |   13470 |       0 |   0.0 |      44 |       0 |   0.0
    Swamp:4 |    8588 |    6177 |  41.8 |      21 |      28 |  57.1
    Snake:1 |   18790 |       0 |   0.0 |      36 |       0 |   0.0
    Snake:2 |    8672 |       0 |   0.0 |      15 |       0 |   0.0
    Snake:3 |   12243 |    1912 |  13.5 |      21 |       1 |   4.5
    Snake:4 |   15582 |   35804 |  69.7 |      28 |      56 |  66.7
    Slime:1 |   13651 |       0 |   0.0 |      31 |       0 |   0.0
    Slime:2 |   22112 |       0 |   0.0 |      41 |       0 |   0.0
    Slime:3 |   14898 |       0 |   0.0 |      21 |       0 |   0.0
    Slime:4 |   14112 |       0 |   0.0 |      30 |       0 |   0.0
    Slime:5 |   12310 |   22475 |  64.6 |      11 |       9 |  45.0
      Orc:1 |    3804 |    5774 |  60.3 |      47 |      24 |  33.8
      Orc:2 |    1274 |   18249 |  93.5 |      21 |      44 |  67.7
      Elf:1 |   17155 |   13462 |  44.0 |      30 |      24 |  44.4
      Elf:2 |    7942 |   21504 |  73.0 |      13 |      27 |  67.5
      Elf:3 |   13626 |   38057 |  73.6 |      25 |      27 |  51.9
   Vaults:1 |   44467 |   17580 |  28.3 |      81 |      34 |  29.6
   Vaults:2 |   22675 |   23336 |  50.7 |      42 |      30 |  41.7
   Vaults:3 |   40006 |    9490 |  19.2 |      65 |      24 |  27.0
   Vaults:4 |   29775 |   11890 |  28.5 |      44 |      11 |  20.0
   Vaults:5 |   35524 |  146680 |  80.5 |      48 |     101 |  67.8
    Crypt:1 |   26151 |    5741 |  18.0 |      34 |       1 |   2.9
    Crypt:2 |   11347 |       0 |   0.0 |      24 |       0 |   0.0
    Crypt:3 |       0 |   68241 | 100.0 |       0 |      82 | 100.0
   Depths:1 |   16988 |   17866 |  51.3 |      26 |      18 |  40.9
   Depths:2 |   23912 |   32583 |  57.7 |      36 |      44 |  55.0
   Depths:3 |   48024 |   10851 |  18.4 |      62 |      14 |  18.4
   Depths:4 |   42653 |   12193 |  22.2 |      47 |       9 |  16.1
   Depths:5 |   42926 |   11150 |  20.6 |      43 |       9 |  17.3
       Hell |   17088 |   32678 |  65.7 |      27 |      57 |  67.9
      Coc:1 |   21375 |       0 |   0.0 |      33 |       0 |   0.0
      Coc:2 |   10683 |       0 |   0.0 |      40 |       0 |   0.0
      Coc:3 |    8478 |       0 |   0.0 |      24 |       0 |   0.0
      Coc:4 |   22292 |       0 |   0.0 |      32 |       0 |   0.0
      Coc:5 |   39913 |       0 |   0.0 |      63 |       0 |   0.0
      Coc:6 |    2876 |       0 |   0.0 |       8 |       0 |   0.0
      Coc:7 |   67014 |   35390 |  34.6 |      82 |      34 |  29.3
      Zot:1 |   64554 |   26174 |  28.8 |      39 |      26 |  40.0
      Zot:2 |   33625 |   16696 |  33.2 |      18 |      13 |  41.9
      Zot:3 |   32100 |       0 |   0.0 |      23 |       0 |   0.0
      Zot:4 |   93643 |    9415 |   9.1 |      49 |       8 |  14.0
      Zot:5 |   36098 |  135950 |  79.0 |      23 |      38 |  62.3
    Abyss:1 |   13118 |    3394 |  20.6 |      28 |       3 |   9.7
    Abyss:2 |    3197 |       0 |   0.0 |       6 |       0 |   0.0
    Abyss:3 |    1586 |       0 |   0.0 |       5 |       0 |   0.0
    Abyss:4 |     166 |    2769 |  94.3 |       2 |       3 |  60.0
    Ossuary |       0 |     206 | 100.0 |       0 |      16 | 100.0
     Bailey |       0 |     740 | 100.0 |       0 |      34 | 100.0
      IceCv |       0 |   10584 | 100.0 |       0 |      58 | 100.0
            +---------+---------+-------+---------+---------+-------
